 Crawl Stoat Soup version 0.22-s0-43-ga5c91f0 (webtiles) character file.

1110 Kalegnar the Skirmisher (level 8, 45/60 HPs)
             Began as a Demonspawn Gladiator on Mar 13, 2020.
             Quit the game on level 5 of the Dungeon.
             The game lasted 00:17:12 (3562 turns).

Kalegnar the Skirmisher (Demonspawn Gladiator)      Turns: 3562, Time: 00:17:13

Health: 45/60      AC:  7    Str: 16    XL:     8   Next: 11%
Magic:  11/11      EV: 14    Int:  9    God:
Gold:   206        SH:  3    Dex: 21    Spells: 7/7 levels left

rFire    + . .     SeeInvis .   a - +0 quarterstaff
rCold    . . .     Gourm    .   (shield currently unavailable)
rNeg     . . .     Faith    .   b - +2 leather armour of the Were-rabbit {rF+ Slay+2}
rPois    .         Spirit   .   c - +0 helmet
rElec    .         Warding  .   v - +0 cloak
rCorr    .         Reflect  +   (no gloves)
MR       .....     Harm     .   (no boots)
Stlth    ++........             x - +3 amulet of reflection
HPRegen  0.20/turn              m - +2 ring of dexterity
MPRegen  0.12/turn              C - +3 ring of dexterity

@: no status effects
A: powered by death 1, rot immunity, sanguine armour 3
a: no special abilities


You were on level 5 of the Dungeon.
You were hungry.

You visited 2 branches of the dungeon, and saw 6 of its levels.

You collected 206 gold pieces.

Inventory:

Hand Weapons
 a - a +0 quarterstaff (weapon)
Missiles
 d - 5 throwing nets (quivered)
Armour
 b - the +2 leather armour of the Were-rabbit (worn) {rF+ Slay+2}
   (You found it on level 4 of the Dungeon)

   It affects your accuracy and damage with ranged weapons and melee attacks
   (+2).
   It protects you from fire.
 c - a +0 helmet (worn)
 v - a +0 cloak (worn)
Jewellery
 m - a +2 ring of dexterity (left hand)
 x - a +3 amulet of reflection (around neck)
 y - an uncursed ring of magical power
 C - a +3 ring of dexterity (right hand)
Wands
 s - a wand of iceblast (5)
Scrolls
 e - 5 scrolls of identify {unknown}
 h - 2 scrolls of random uselessness {unknown}
 i - a scroll of amnesia {unknown}
 o - a scroll of remove curse {unknown}
 p - a scroll of blinking {unknown}
 w - a scroll of fear {unknown}
 z - a scroll of fog {unknown}
 A - a scroll of teleportation {unknown}
Potions
 j - 3 potions of lignification {unknown}
 k - 3 potions of curing {unknown}
 n - 2 potions of agility
 q - a potion of invisibility {unknown}
 r - 3 potions of brilliance {unknown}
 t - 2 potions of heal wounds {unknown}
 u - a potion of haste {unknown}
 B - a potion of magic {unknown}
 E - a potion of resistance {unknown}
 F - a potion of flight {unknown}
Comestibles
 f - 4 bread rations
 g - 4 meat rations
 l - 4 fruits


   Skills:
 + Level 4.1 Fighting
 - Level 4.0 Staves
 - Level 3.5 Throwing
 + Level 3.7 Armour
 - Level 4.0 Dodging
 + Level 2.1 Stealth
 - Level 4.1 Evocations


You had 7 spell levels left.
You didn't know any spells.
Your spell library was empty.

Dungeon Overview and Level Annotations

Branches:
Dungeon (5/15)             Temple (1/1) D:5

Altars:
Ashenzari
Cheibriados
Elyvilon
Fedhas
Gozag
Hepliaklqana
Kikubaaqudgha
Makhleb
Nemelex Xobeh
Okawaru
Qazlal
Ru
Sif Muna
Trog
Uskayaw
Vehumet
Wu Jian
Yredelemnul
Zin

Shops:
D:5 ?

Annotations:
D:5 Grinder


Innate Abilities, Weirdness & Mutations

You regenerate a little health from kills.
You are immune to rotting.
When seriously injured, your bleeding wounds create very thick armour. (AC +0)


Message History

The shadow imp hits you.
Your blood congeals into armour.
You closely miss the shadow imp.
The shadow imp is moderately wounded.
The shadow imp misses you.
You barely miss the shadow imp.
The shadow imp is moderately wounded.
The shadow imp hits you but does no damage.
You sock the shadow imp!
The shadow imp is almost dead.
Your blood armour dries and flakes away.
The shadow imp hits you but does no damage.
You thump the shadow imp!
You kill the shadow imp!
There is an open door here.
t - 2 emerald potions (gained 1)
Found a blossoming altar of Fedhas.
Found 20 stones.
There is a blossoming altar of Fedhas here.
You kneel at the altar of Fedhas.
Are you sure you want to abandon this character and quit the game? (Confirm with "yes".)

#.................
#......##....##...
###+#####....##....##.>.
........#....##....##...
........#..........##...
........#...........#...
.................(..'...
......P.P...........#...
.......@..##'####..##.##
#####.P.P...... ########
.............. #.
#....#..........# #.
#....+..........# #.
#... #......... ## #...
########## # #.(


There were no monsters in sight!

Vanquished Creatures
  Sigmund (D:2)
  Duvessa (D:4)
  An ice beast (D:5)
  A centaur (D:4)
  A bullfrog (D:5)
  Dowan (D:4)
  2 scorpions (D:5)
  Ijyb (D:3)
  A jelly (D:4)
  Natasha (thrice) (D:2 D:4)
  4 worker ants
  6 gnolls (D:4)
  7 adders
  2 shadow imps (D:5)
  An adder skeleton (D:4)
  3 worms
  3 dart slugs
  2 leopard geckos (D:3)
  2 orcs
  5 bats
  3 giant cockroaches
  8 goblins
  8 hobgoblins
  5 kobolds
  4 weasels
  4 ball pythons
  2 frilled lizards
  7 rats
89 creatures vanquished.

Notes
Turn   | Place    | Note
-------+----------+-------------------------------------------
     0 | D:1      | Kalegnar the Demonspawn Gladiator began the quest for the
                  | Orb.
     0 | D:1      | Reached XP level 1. HP: 16/16 MP: 1/1
   209 | D:1      | Gained mutation: When seriously injured, your bleeding
                  | wounds create armour. (AC +0) [demonic ancestry]
   209 | D:1      | Reached XP level 2. HP: 20/22 MP: 2/2
   661 | D:2      | Gained mutation: When seriously injured, your bleeding
                  | wounds create thick armour. (AC +0) [demonic ancestry]
   661 | D:2      | Reached XP level 3. HP: 20/28 MP: 3/3
   742 | D:2      | Noticed Sigmund
   782 | D:2      | Killed Sigmund
   782 | D:2      | Gained mutation: When seriously injured, your bleeding
                  | wounds create very thick armour. (AC +0) [demonic ancestry]
   782 | D:2      | Reached XP level 4. HP: 28/35 MP: 4/4
   782 | D:2      | Reached XP level 5. HP: 33/41 MP: 5/5
   842 | D:2      | Noticed Natasha
   860 | D:2      | Killed Natasha
  1421 | D:2      | Gained mutation: You are immune to rotting. [demonic
                  | ancestry]
  1421 | D:2      | Reached XP level 6. HP: 32/47 MP: 6/6
  1538 | D:3      | Noticed Ijyb
  1578 | D:3      | Killed Ijyb
  1733 | D:3      | Found a sacrificial altar of Ru.
  2132 | D:4      | Got a shimmering leather armour
  2143 | D:4      | Identified the +2 leather armour of the Were-rabbit {rF+
                  | Slay+2} (You found it on level 4 of the Dungeon)
  2258 | D:4      | Reached skill level 1 in Armour
  2258 | D:4      | Reached skill level 1 in Evocations
  2313 | D:4      | Noticed Natasha
  2320 | D:4      | Killed Natasha
  2400 | D:4      | Gained mutation: You regenerate a little health from kills.
                  | [demonic ancestry]
  2400 | D:4      | Reached XP level 7. HP: 50/54 MP: 8/8
  2686 | D:4      | Noticed Natasha
  2696 | D:4      | Killed Natasha
  2707 | D:4      | Noticed Duvessa
  2712 | D:4      | Noticed Dowan
  2722 | D:4      | Killed Duvessa
  2729 | D:4      | Killed Dowan
  2942 | D:4      | Found a radiant altar of Vehumet.
  3031 | D:5      | Entered Level 5 of the Dungeon
  3034 | D:5      | Found a shattered altar of Ashenzari.
  3061 | D:5      | Found a staircase to the Ecumenical Temple.
  3090 | Temple   | Entered the Ecumenical Temple
  3324 | D:5      | Reached skill level 1 in Stealth
  3386 | D:5      | Reached XP level 8. HP: 25/60 MP: 10/10
  3423 | D:5      | Found Rawneel's Magic Scroll Boutique.
  3443 | D:5      | Noticed Grinder
  3554 | D:5      | Found a blossoming altar of Fedhas.
  3562 | D:5      | Quit the game

Vault maps used:
D:1:      scummos_arrival_forest, st_stairs_3
D:2:      uniq_sigmund, uniq_natasha
D:3:      first_bread, minmay_misc_feat_five, nicolae_ru_sacrificial_ziggurat,
          uniq_ijyb
D:4:      kennysheep_mini, uniq_duvessa
D:5:      fedhas_altar_1, minmay_temple_entry_junction, serial_shops,
          shop_fountains, nicolae_ashenzari_panopticon, uniq_prince_ribbit1,
          uniq_grinder
Temple:   eino_temple_rhombus

Skill      XL: |  1  2  3  4  5  6  7  8 |
---------------+-------------------------+-----
Throwing       | 2 3 |  3.5
Dodging        | 3 4 |  4.0
Staves         | 3 4 |  4.0
Fighting       | 3 4 |  4.1
Armour         | 1 3 |  3.7
Evocations     | 1 3 4 |  4.1
Stealth        | 1 2 |  2.1

Action                   |  1- 3 |  4- 6 |  7- 9 || total
-------------------------+-------+-------+-------++-------
Melee: Quarterstaff      |    70 |   156 |   115 ||   341
Throw: Throwing net      |     1 |       |     2 ||     3
 Stab: Distracted        |     1 |       |       ||     1
       Held in net/web   |     1 |       |     1 ||     2
       Sleeping          |       |       |     1 ||     1
  Eat: Chunk             |       |     5 |     3 ||     8
Armor: Leather armour    |    16 |    43 |    29 ||    88
Dodge: Dodged            |    31 |   143 |    56 ||   230
Block: Other             |       |     5 |    12 ||    17

Table legend:
 A = Spawn XP
 B = Non-spawn XP
 C = Spawn XP percentage of total XP
 D = Spawn monster count
 E = Non-spawn monster count
 F = Spawn count percentage of total count
 G = Total turns spent on level
                    A         B        C        D         E        F      G
               +---------+---------+-------+---------+---------+-------+---------
         Total |      28 |    1559 |   1.8 |       7 |      82 |   7.9 |  3562
               +---------+---------+-------+---------+---------+-------+---------
           D:1 |       8 |      29 |  21.6 |       4 |      19 |  17.4 |   633
           D:2 |       5 |     343 |   1.4 |       1 |      16 |   5.9 |   904
           D:3 |       2 |     112 |   1.8 |       1 |      18 |   5.3 |   580
           D:4 |      13 |     641 |   2.0 |       1 |      19 |   5.0 |   914
           D:5 |       0 |     434 |   0.0 |       0 |      10 |   0.0 |   393
               +---------+---------+-------+---------+---------+-------+---------
